[Event "Elitserien 2019/2020, round 1-3"]
[Site "Uppsala University, Gamla torget, Uppsala, Sweden"]
[Date "2019.10.18"]
[Round "1.20"]
[White "Cederstam Barsk, Carl"]
[Black "Ornstein, Axel"]
[Result "1-0"]
[TimeControl "90 minutes for 40 moves + 30 minutes for the rest of the game + 30 seconds per move from move one."]
[WhiteTitle "FM"]
[BlackTitle "IM"]
[WhiteFideId "1713329"]
[BlackFideId "1700111"]
[WhiteElo "2344"]
[BlackElo "2297"]

1. Nf3 Nf6 2. c4 c5 3. Nc3 e6 4. g3 b6 5. Bg2 Bb7 6. O-O Be7 7. d4 cxd4 8. Qxd4 Nc6 9. Qf4 O-O 10.
Rd1 Qb8 11. e4 d6 12. b3 Rd8 13. Bb2 h6 14. Rd2 a6 15. Qe3 Qa7 16. Qe2 Bf8 17. Rad1 Rac8 18. Ba3 Ne8 19. Na4 Ba8 20.
e5 Qb8 21. Qe3 Nxe5 22. Nxe5 Bxg2 23. Kxg2 dxe5 24. Bxf8 Rxd2 25. Rxd2 Kxf8 26. Nxb6 Qb7+ 27. Kg1 Rc7 28. c5 f6 29.
Qe2 Kf7 30. b4 e4 31. Qh5+ Ke7 32. Re2 f5 33. Qg6 Qc6 34. g4 Qb5 35. Re3 Qxb4 36. gxf5 Qb1+ 37. Kg2 Qxa2 38. Rxe4 Rc6 39.
fxe6 Rxe6 40. Nc8+ Kd7 41. Qf7+ Kxc8 42. Rxe6 Qd5+ 43. Kg3 Qg5+ 44. Kh3 1-0

[Event "Elitserien 2019/2020, round 1-3"]
[Site "Uppsala University, Gamla torget, Uppsala, Sweden"]
[Date "2019.10.18"]
[Round "1.21"]
[White "Vernersson, Per"]
[Black "Lokander, Martin"]
[Result "0-1"]
[TimeControl "90 minutes for 40 moves + 30 minutes for the rest of the game + 30 seconds per move from move one."]
[BlackTitle "IM"]
[WhiteFideId "1700863"]
[BlackFideId "1709569"]
[WhiteElo "2275"]
[BlackElo "2396"]

1. d4 Nf6 2. c4 c5 3. d5 b5 4. cxb5 a6 5. bxa6 g6 6. Nc3 Bg7 7. Nf3 O-O 8. e4 Qa5 9. Bd2 Bxa6 10.
Bxa6 Qxa6 11. Qe2 e6 12. Qxa6 Nxa6 13. O-O Nb4 14. d6 Nd3 15. Rab1 Rfb8 16. b3 Ne8 17. Na4 Nxd6 18. Be3 Nxe4 19.
Rbd1 Rxa4 20. bxa4 c4 21. a5 Ra8 22. Rb1 Nb2 23. Rfc1 d5 24. Bb6 Nd3 25. Rc2 Nc3 26. Rf1 Nb4 27.
Rd2 e5 28. a3 Nc6 29. Rc1 e4 30. Ng5 h6 31. Nh3 d4 32. Kf1 d3 33. f3 Nxa5 34. Bxa5 Rxa5 35. fxe4 Nxe4 36. Rdd1 Rf5+ 37.
Kg1 Nc3 0-1

[Event "Elitserien 2019/2020, round 1-3"]
[Site "Uppsala University, Gamla torget, Uppsala, Sweden"]
[Date "2019.10.18"]
[Round "1.22"]
[White "Ertan, Can"]
[Black "Rothen, Hakan"]
[Result "0-1"]
[TimeControl "90 minutes for 40 moves + 30 minutes for the rest of the game + 30 seconds per move from move one."]
[WhiteTitle "IM"]
[BlackTitle "FM"]
[WhiteFideId "6306330"]
[BlackFideId "1700723"]
[WhiteElo "2392"]
[BlackElo "2251"]

1. e4 e6 2. d4 d5 3. Bd3 dxe4 4. Bxe4 Nf6 5. Bf3 c5 6. Ne2 Nc6 7. Be3 cxd4 8. Nxd4 Bd7 9. O-O Be7 10.
c4 O-O 11. Nc3 Nxd4 12. Qxd4 Bc6 13. Bxc6 bxc6 14. Rfd1 Qa5 15. Qf4 Rab8 16. Bd4 Rb7 17. Rd3 Rd8 18. Rh3 Rbd7 19. Qe5 c5 20.
Ne2 Qd2 21. Qe3 Qxe3 22. fxe3 cxd4 23. exd4 e5 24. d5 Bc5+ 25. Kf1 Ng4 26. Rh4 Ne3+ 0-1

[Event "Elitserien 2019/2020, round 1-3"]
[Site "Uppsala University, Gamla torget, Uppsala, Sweden"]
[Date "2019.10.18"]
[Round "1.23"]
[White "Malesevic, Nedeljko"]
[Black "Renman, Nils-Gustaf"]
[Result "1-0"]
[TimeControl "90 minutes for 40 moves + 30 minutes for the rest of the game + 30 seconds per move from move one."]
[WhiteTitle "FM"]
[BlackTitle "IM"]
[WhiteFideId "1703447"]
[BlackFideId "1700367"]
[WhiteElo "2251"]
[BlackElo "2340"]

1. d4 d5 2. c4 c6 3. cxd5 cxd5 4. Bg5 Nc6 5. Nc3 h6 6. Bh4 Nf6 7. Bxf6 gxf6 8. e3 e6 9. f4 Bd7 10.
Nf3 Rc8 11. a3 Na5 12. Nd2 a6 13. Be2 b5 14. O-O Bc6 15. b4 Nc4 16. Nxc4 dxc4 17. f5 e5 18. Bf3 exd4 19. exd4 Qb6 20.
Re1+ Be7 21. Qe2 Qxd4+ 22. Kh1 O-O 23. Bxc6 Rxc6 24. Qf3 Rc7 25. Qg3+ 1-0

[Event "Elitserien 2019/2020, round 1-3"]
[Site "Uppsala University, Gamla torget, Uppsala, Sweden"]
[Date "2019.10.18"]
[Round "1.24"]
[White "Arman, Deniz"]
[Black "Thornert, Hakan"]
[Result "1-0"]
[TimeControl "90 minutes for 40 moves + 30 minutes for the rest of the game + 30 seconds per move from move one."]
[WhiteTitle "FM"]
[WhiteFideId "6302106"]
[BlackFideId "1703749"]
[WhiteElo "2333"]
[BlackElo "2183"]

1. e4 c5 2. Nf3 d6 3. Bb5+ Nd7 4. d4 cxd4 5. Qxd4 a6 6. Bxd7+ Bxd7 7. Bg5 h6 8. Bh4 Nf6 9. Bxf6 gxf6 10.
Nc3 Rg8 11. O-O Rc8 12. Kh1 Qa5 13. Nd5 Qc5 14. Qd2 Qxc2 15. Qe3 f5 16. Rfe1 Qc5 17. Nd4 f4 18. Qd2 Bc6 19. Rac1 Qa7 20.
Nf5 f3 21. Nxd6+ exd6 22. Nf6+ Kd8 23. Nxg8 fxg2+ 24. Kg1 Kc7 25. Nxh6 Bxh6 26. Qxh6 Rd8 27. Qf4 Qd4 28. Qxf7+ Kb8 29. b3 Rh8 30. Qf4 Ka8 31. Rcd1 Qb2 32.
Rd2 Qc3 33. Qxd6 Qf3 34. Qg3 Bxe4 35. Qe5 Qh5 36. Qxh5 1-0

[Event "Elitserien 2019/2020, round 1-3"]
[Site "Uppsala University, Gamla torget, Uppsala, Sweden"]
[Date "2019.10.18"]
[Round "1.25"]
[White "Miezis, Normunds"]
[Black "Hillarp Persson, Tiger"]
[Result "1-0"]
[TimeControl "90 minutes for 40 moves + 30 minutes for the rest of the game + 30 seconds per move from move one."]
[WhiteTitle "GM"]
[BlackTitle "GM"]
[WhiteFideId "11600136"]
[WhiteElo "2486"]
[BlackElo "2558"]

1. c4 e5 2. Nc3 Bb4 3. Nf3 Bxc3 4. dxc3 d6 5. g3 Nc6 6. Bg2 f6 7. Nd2 Be6 8. e4 Qd7 9. Qh5+ g6 10.
Qe2 Bh3 11. f3 Bxg2 12. Qxg2 f5 13. Nf1 O-O-O 14. Ne3 Rf8 15. Bd2 Nd8 16. O-O-O Ne6 17. b4 h5 18. c5 dxc5 19. Nc4 Qa4 20.
Kb1 Ne7 21. Nxe5 cxb4 22. cxb4 Rd8 23. Nf7 Rd3 24. Nxh8 Nd4 25. Rc1 Nec6 26. Bc3 a5 27. bxa5 fxe4 28. fxe4 Nb5 29. Bb2 Nb4 30. Qh3+ Kb8 31. Qe6 Rd5 32. Qxd5 Nxd5 33. exd5 Na3+ 34. Ka1 Nc2+ 35. Rxc2 Qxc2 36. d6 cxd6 37. Nf7 Ka7 38. Nxd6 Qd3 1-0

[Event "Elitserien 2019/2020, round 1-3"]
[Site "Uppsala University, Gamla torget, Uppsala, Sweden"]
[Date "2019.10.18"]
[Round "1.26"]
[White "Haldorsen, Benjamin"]
[Black "Akesson, Ralf"]
[Result "1/2-1/2"]
[TimeControl "90 minutes for 40 moves + 30 minutes for the rest of the game + 30 seconds per move from move one."]
[WhiteTitle "IM"]
[BlackTitle "GM"]
[WhiteFideId "1512633"]
[BlackFideId "1700120"]
[WhiteElo "2440"]
[BlackElo "2367"]

1. c4 e6 2. g3 d5 3. Nf3 Be7 4. Bg2 Nf6 5. O-O O-O 6. d4 dxc4 7. Ne5 Nc6 8. Nxc6 bxc6 9. Na3 Bxa3 10.
bxa3 Rb8 11. Qa4 Rb6 12. Qxc4 Ba6 13. Qc2 Qxd4 14. Be3 Rb2 15. Qxc6 Qc4 16. Rfc1 Qxc6 17. Bxc6 Rd8 18. Bxa7 Bxe2 19.
a4 h6 20. a5 Nd5 21. a4 Rd6 22. Bd4 Rb4 23. Be5 Rd8 24. Kg2 f6 25. Bc3 Rb3 26. Be1 Rdb8 27. h3 Rb2 28. Kg1 Bd3 29.
Ra3 Ba6 30. Raa1 Bd3 31. Ra3 Ba6 1/2-1/2

[Event "Elitserien 2019/2020, round 1-3"]
[Site "Uppsala University, Gamla torget, Uppsala, Sweden"]
[Date "2019.10.18"]
[Round "1.27"]
[White "Vaarala, Eric"]
[Black "Ahlander, Bjorn"]
[Result "0-1"]
[TimeControl "90 minutes for 40 moves + 30 minutes for the rest of the game + 30 seconds per move from move one."]
[BlackTitle "IM"]
[WhiteFideId "1711962"]
[BlackFideId "1700251"]
[WhiteElo "2321"]
[BlackElo "2395"]

1. Nf3 Nf6 2. c4 e6 3. b3 d5 4. Bb2 c5 5. cxd5 exd5 6. d4 cxd4 7. a3 Bd6 8. Nxd4 O-O 9. e3 Nc6 10.
Be2 Re8 11. Nd2 a6 12. Qc2 Bd7 13. Nxc6 bxc6 14. O-O a5 15. Bf3 Ng4 16. h3 Nh2 17. Rfe1 Qg5 18. Kh1 Qh6 19. Qd1 Re6 20.
Bh5 Rae8 21. Nf1 Nxf1 22. Rxf1 Re4 23. f4 Rxe3 24. Bg4 f5 25. Bh5 R8e7 26. Bc1 Rg3 27. Bf3 Rxh3+ 28. gxh3 Qxh3+ 29. Kg1 Bc5+ 0-1

[Event "Elitserien 2019/2020, round 1-3"]
[Site "Uppsala University, Gamla torget, Uppsala, Sweden"]
[Date "2019.10.18"]
[Round "1.28"]
[White "Antonsen, Mikkel"]
[Black "Norberg, Johan"]
[Result "1-0"]
[TimeControl "90 minutes for 40 moves + 30 minutes for the rest of the game + 30 seconds per move from move one."]
[WhiteTitle "IM"]
[BlackTitle "FM"]
[WhiteFideId "1401378"]
[BlackFideId "1707078"]
[WhiteElo "2388"]
[BlackElo "2315"]

1. c4 e5 2. Nc3 Nc6 3. Nf3 f5 4. d4 e4 5. Ng5 Nf6 6. e3 h6 7. Nh3 g5 8. f3 exf3 9. gxf3 Bb4 10.
Bd2 Qe7 11. Qe2 f4 12. O-O-O fxe3 13. Bxe3 Bxc3 14. bxc3 d5 15. Nf2 Be6 16. Re1 Kf7 17. Qb2 Na5 18. h4 Nh5 19. Bd2 Qf6 20.
cxd5 Bxd5 21. Qb5 Bxf3 22. Qxa5 b6 23. Qa4 Bxh1 24. Qd7+ Kf8 25. Nxh1 Qf7 26. Qc6 Re8 27. Rxe8+ Qxe8 28.
Qxc7 gxh4 29. Bc4 Qe7 30. Qc8+ Qe8 31. Qg4 Nf6 32. Qxh4 Ke7 33. Ng3 Qg6 34. Qf4 Rc8 35. Nf5+ 1-0

[Event "Elitserien 2019/2020, round 1-3"]
[Site "Uppsala University, Gamla torget, Uppsala, Sweden"]
[Date "2019.10.18"]
[Round "1.29"]
[White "Bergstrom, Peter"]
[Black "Kucuksari, Kaan"]
[Result "0-1"]
[TimeControl "90 minutes for 40 moves + 30 minutes for the rest of the game + 30 seconds per move from move one."]
[WhiteTitle "FM"]
[BlackTitle "FM"]
[WhiteFideId "1702467"]
[BlackFideId "6380166"]
[WhiteElo "2306"]
[BlackElo "2319"]

1. e4 c5 2. Nf3 e6 3. d4 cxd4 4. Nxd4 a6 5. Bd3 Bc5 6. Nb3 Be7 7. Qg4 g6 8. Qe2 d6 9. a4 b6 10.
Nc3 Bb7 11. O-O Nd7 12. Bd2 h5 13. Rae1 Ngf6 14. f4 Qc7 15. h3 h4 16. Rf2 Nh5 17. Qe3 Ng3 18. Ne2 d5 19. Bc3 dxe4 20.
Bxh8 Nf5 21. Qc1 exd3 22. cxd3 Qxc1 23. Nexc1 f6 24. Rc2 Bd6 25. Rxe6+ Kf7 26. Rxd6 Nxd6 27. Rc7 Bc8 28. a5 Nb5 29.
Rc4 Bb7 30. Nd4 Bd5 31. Nxb5 axb5 32. Rc7 Be6 33. axb6 Rxh8 34. Nb3 Bxb3 35. Rxd7+ Ke6 36. Rc7 Bd5 37. Rc5 b4 38. b3 Rb8 39.
Rb5 Kd6 40. Rxb4 Kc5 41. Ra4 Rxb6 42. Ra7 Rxb3 43. Rg7 Rxd3 44. Rxg6 f5 45. Rh6 Kd4 46. Rxh4 Rd1+ 47. Kf2 Rd2+ 48.
Ke1 Rxg2 49. Rh5 Ke3 50. Kd1 Bf3+ 0-1

[Event "Elitserien 2019/2020, round 1-3"]
[Site "Uppsala University, Gamla torget, Uppsala, Sweden"]
[Date "2019.10.18"]
[Round "1.30"]
[White "Mauritsson, Sebastian"]
[Black "Norberg, Erik"]
[Result "1-0"]
[TimeControl "90 minutes for 40 moves + 30 minutes for the rest of the game + 30 seconds per move from move one."]
[WhiteTitle "FM"]
[BlackTitle "CM"]
[WhiteFideId "1707892"]
[BlackFideId "1707965"]
[WhiteElo "2339"]
[BlackElo "2257"]

1. e4 g6 2. d4 Bg7 3. Nc3 d5 4. exd5 Nf6 5. Bc4 Nbd7 6. Bg5 Nb6 7. Bxf6 Bxf6 8. Bb3 c6 9. dxc6 Qxd4 10.
Qxd4 Bxd4 11. Nge2 Bxc3+ 12. Nxc3 bxc6 13. O-O-O O-O 14. Rhe1 Re8 15. Ne4 Ba6 16. Rd4 Kg7 17. Nc5 Bc8 18.
f3 a5 19. a4 Ra7 20. Red1 h5 21. h3 Rc7 22. R1d2 Nd5 23. Re4 Bf5 24. Rc4 Nb6 25. Rcd4 e5 26. Rd8 Kf8 27. g4 hxg4 28.
hxg4 Bc8 29. c3 Rxd8 30. Rxd8+ Ke7 31. Rh8 e4 32. Nxe4 c5 33. Bxf7 Rc6 34. Rh7 Kf8 35. Bb3 c4 36.
Bc2 Bd7 37. Rh8+ Kg7 38. Rb8 Bc8 39. Kd2 Kf7 40. b4 cxb3 41. Bxb3+ Ke7 42. c4 Nxc4+ 43. Bxc4 Rxc4 44. Nc3 Bd7 45.
Nd5+ Kd6 46. Nb6 Kc7 47. Nxc4 Kxb8 48. Nxa5 Bxa4 49. Nc4 Kc7 50. Ne5 Be8 51. Ke3 Kd6 52. Kf4 Ke6 53. Nd3 Bc6 54.
Nc5+ Kd6 55. Ne4+ Ke6 56. Kg5 Ke5 57. Nd2 Kd4 58. f4 Bd7 59. Nf3+ 1-0

[Event "Elitserien 2019/2020, round 1-3"]
[Site "Uppsala University, Gamla torget, Uppsala, Sweden"]
[Date "2019.10.18"]
[Round "1.31"]
[White "Jonsson, Mikael"]
[Black "Jogstad, Martin"]
[Result "1/2-1/2"]
[TimeControl "90 minutes for 40 moves + 30 minutes for the rest of the game + 30 seconds per move from move one."]
[BlackTitle "FM"]
[WhiteFideId "1702041"]
[BlackFideId "1715364"]
[WhiteElo "2252"]
[BlackElo "2322"]

1. d4 d5 2. c4 c6 3. Nf3 Nf6 4. e3 Bf5 5. cxd5 cxd5 6. Nc3 Nc6 7. Ne5 a6 8. a3 Rc8 9. Be2 h6 10.
O-O e6 11. Qb3 Nxe5 12. dxe5 Nd7 13. Qa4 Bc5 14. e4 dxe4 15. Rd1 Rc6 16. Be3 Bxe3 17. fxe3 Qc7 18. Rd6 Nxe5 19. Rad1 O-O 20.
Rxc6 Nxc6 21. Nxe4 Qb6 22. Nd6 Qxe3+ 23. Kf1 b5 24. Qxa6 Nd4 25. Bxb5 Qf4+ 26. Kg1 Rd8 27. Bd7 Kh7 28.
Nxf5 exf5 29. Qa7 Ne6 30. Qf2 Qg4 31. Rd2 Qg5 32. h4 Qe7 33. Bxe6 fxe6 34. Rxd8 Qxd8 35. Qe3 Qxh4 36. Qxe6 Qd4+ 37.
Kh1 Qh4+ 38. Kg1 Qd4+ 39. Kh1 Qh4+ 40. Kg1 Qd4+ 41. Kh1 Qd1+ 42. Kh2 Qh5+ 43. Kg1 Qd1+ 44. Kh2 Qh5+ 45. Kg1 1/2-1/2

[Event "Elitserien 2019/2020, round 1-3"]
[Site "Uppsala University, Gamla torget, Uppsala, Sweden"]
[Date "2019.10.18"]
[Round "1.32"]
[White "Lundberg, David"]
[Black "Eriksson, Anders"]
[Result "1-0"]
[TimeControl "90 minutes for 40 moves + 30 minutes for the rest of the game + 30 seconds per move from move one."]
[BlackTitle "FM"]
[WhiteFideId "1707051"]
[BlackFideId "1701053"]
[WhiteElo "2205"]
[BlackElo "2237"]

1. e4 c6 2. d4 d5 3. e5 Bf5 4. h4 h5 5. Nf3 e6 6. c4 Ne7 7. Nc3 Nd7 8. Bg5 f6 9. exf6 gxf6 10.
Be3 Nb6 11. b3 Bg7 12. Be2 Bg6 13. O-O Nf5 14. Bf4 Kf7 15. Re1 Qe7 16. Rc1 Rae8 17. a4 a5 18. Qd2 Qd8 19. Bd3 Nh6 20.
Bxg6+ Kxg6 21. Bxh6 Bxh6 22. Qd3+ Kf7 23. Rc2 Kg7 24. Rce2 Qd7 25. Kf1 Na8 26. Nd1 Nc7 27. Ne3 Bf4 28.
g3 Bd6 29. c5 Bf8 30. Ng2 Qf7 31. Nf4 Kh6 32. Qd2 Kh7 33. Qxa5 Bg7 34. Qb6 Na8 35. Qa7 e5 36. dxe5 fxe5 37.
Ng5+ 1-0

[Event "Elitserien 2019/2020, round 1-3"]
[Site "Uppsala University, Gamla torget, Uppsala, Sweden"]
[Date "2019.10.19"]
[Round "2.1"]
[White "Neiksans, Arturs"]
[Black "Golubka, Petro"]
[Result "1/2-1/2"]
[TimeControl "90 minutes for 40 moves + 30 minutes for the rest of the game + 30 seconds per move from move one."]
[WhiteTitle "GM"]
[BlackTitle "IM"]
[WhiteFideId "11601388"]
[BlackFideId "14114224"]
[WhiteElo "2577"]
[BlackElo "2479"]

1. e4 e5 2. Nf3 Nc6 3. Bc4 Bc5 4.
O-O Nf6 5. d3 O-O 6. c3 Be7 7. Re1 d6 8. a4 a5 9. Na3 Nd7 10. Be3 Kh8 11. Qb3 f5 12. exf5 Rxf5 13. Be6 Rf8 14.
Nb5 Bf6 15. Rad1 Ndb8 16. d4 Bxe6 17. Qxe6 Nd7 18. d5 Ne7 19. Ng5 Bxg5 20. Bxg5 Nf6 21. f4 Ng6 22. fxe5 Nxe5 23. Rf1 Rf7 24.
Nd4 Qf8 25. Bxf6 gxf6 26. Rf2 Re8 27. Qf5 Qh6 28. Rdf1 Rg8 29. Re2 Ng4 1/2-1/2

[Event "Elitserien 2019/2020, round 1-3"]
[Site "Uppsala University, Gamla torget, Uppsala, Sweden"]
[Date "2019.10.19"]
[Round "2.2"]
[White "Lindberg, Bengt"]
[Black "Blomqvist, Erik"]
[Result "1/2-1/2"]
[TimeControl "90 minutes for 40 moves + 30 minutes for the rest of the game + 30 seconds per move from move one."]
[WhiteTitle "IM"]
[BlackTitle "GM"]
[WhiteFideId "1700359"]
[BlackFideId "1709437"]
[WhiteElo "2397"]
[BlackElo "2519"]

1. e4 c5 2. Nf3 e6 3. d4 cxd4 4. Nxd4 Nc6 5. Nc3 a6 6. Be3 Nf6 7. a3 Be7 8. f4 d6 9. Qf3 e5 10.
Nf5 Bxf5 11. exf5 Nd4 12. Bxd4 exd4 13. Ne2 Qa5+ 14. b4 Qb6 15. g4 d5 16. Ng3 O-O-O 17. Bd3 Rhe8 18. O-O Bd6 19.
g5 Re3 20. Qg2 Ne4 21. Kh1 Re8 22. Rf3 Nd2 23. Rf2 Re1+ 24. Rxe1 Rxe1+ 25. Nf1 Ne4 26. Rf3 Kb8 27. Qh3 f6 28.
Qxh7 fxg5 29. fxg5 Nxg5 30. Qg8+ Ka7 31. Rf2 Nh3 32. Rf3 Ng5 33. Rf2 Nh3 34. Rf3 Ng5 1/2-1/2

[Event "Elitserien 2019/2020, round 1-3"]
[Site "Uppsala University, Gamla torget, Uppsala, Sweden"]
[Date "2019.10.19"]
[Round "2.4"]
[White "Alle Wahlin, Ambjorn"]
[Black "Hedman, Erik"]
[Result "1/2-1/2"]
[TimeControl "90 minutes for 40 moves + 30 minutes for the rest of the game + 30 seconds per move from move one."]
[BlackTitle "IM"]
[WhiteFideId "1714805"]
[BlackFideId "1702351"]
[WhiteElo "2256"]
[BlackElo "2371"]

1. Nf3 d5 2. g3 c5 3. Bg2 Nc6 4. d4 e6 5. O-O Nf6 6. c4 Be7 7. cxd5 exd5 8. Nc3 O-O 9. dxc5 Bxc5 10.
a3 Ne4 11. Qxd5 Nxc3 12. Qxc5 Nxe2+ 13. Kh1 Nxc1 14. Raxc1 Re8 15. Rfe1 Rxe1+ 16. Rxe1 h6 17. b4 Be6 18. b5 Qa5 19. Rc1 Nd8 20. Rd1 a6 21. Nd4 axb5 22.
Qxb5 Qxa3 23. Nxe6 Nxe6 24. Qxb7 Rd8 25. Rxd8+ Nxd8 26. Qb1 Qd6 27. Bf3 Ne6 28. h4 h5 29. Qd1 Qxd1+ 30. Bxd1 1/2-1/2

[Event "Elitserien 2019/2020, round 1-3"]
[Site "Uppsala University, Gamla torget, Uppsala, Sweden"]
[Date "2019.10.19"]
[Round "2.5"]
[White "Wiedenkeller, Michael"]
[Black "Rydstrom, Tom"]
[Result "0-1"]
[TimeControl "90 minutes for 40 moves + 30 minutes for the rest of the game + 30 seconds per move from move one."]
[WhiteTitle "IM"]
[BlackTitle "FM"]
[WhiteFideId "1700146"]
[BlackFideId "1714830"]
[WhiteElo "2459"]
[BlackElo "2322"]

1. d4 Nf6 2. c4 e6 3. Nc3 Bb4 4. Qc2 c5 5. dxc5 O-O 6. a3 Bxc5 7. Nf3 b6 8. Bf4 Bb7 9. Rd1 Nc6 10.
b4 Be7 11. e4 Rc8 12. Be2 Ne8 13.
O-O a5 14. b5 Nb8 15. Na4 d6 16. e5 d5 17. Qb2 Nd7 18. cxd5 Bxd5 19. Nc3 Ba8 20. Nd2 Nc7 21. Bf3 Nd5 22.
Nxd5 exd5 23. Nb3 Nc5 24. Nd4 Ne6 25. Be3 Bc5 26. Nf5 Bxe3 27. Nxe3 Rc5 28. Nf5 Qg5 29. Nd6 Rd8 30. Rfe1 f6 31.
Qa2 fxe5 32. Bxd5 Rxd5 33. Rxd5 Rxd6 34. f4 Bxd5 0-1

[Event "Elitserien 2019/2020, round 1-3"]
[Site "Uppsala University, Gamla torget, Uppsala, Sweden"]
[Date "2019.10.19"]
[Round "2.6"]
[White "Sevastianov, Andrii"]
[Black "Berovski, Krum"]
[Result "1-0"]
[TimeControl "90 minutes for 40 moves + 30 minutes for the rest of the game + 30 seconds per move from move one."]
[WhiteFideId "1730240"]
[BlackFideId "2902931"]
[WhiteElo "2118"]
[BlackElo "2349"]

1. c4 e6 2. g3 Nf6 3. Bg2 d5 4. Nf3 d4 5. O-O c5 6. e3 Nc6 7. exd4 cxd4 8. Re1 Be7 9. d3 Nd7 10.
b3 O-O 11. Ba3 a5 12. Bb2 e5 13. Na3 f6 14. Nb5 Nc5 15. Ba3 Nb4 16. Bxb4 axb4 17. Qe2 Bf5 18. Nfxd4 Bxd3 19. Qe3 exd4 20.
Qxe7 Qxe7 21. Rxe7 Nxb3 22. Bd5+ Kh8 23. Rae1 Nd2 24. Nd6 h5 25. c5 Nb1 26. Rxb7 Nc3 27. Rxb4 Ra5 28. Bf3 Rxc5 29.
Rxd4 Ba6 30. Kg2 Re5 31. Rxe5 fxe5 32. Rd2 h4 33. gxh4 Rf4 34. Rc2 Nb5 35. Nxb5 Bxb5 36. Rc5 Bc4 37.
Rxe5 Bxa2 38. Re8+ Kh7 39. Kg3 Bf7 40. Be4+ g6 41. Re7 Rf6 42. Bd5 1-0

[Event "Elitserien 2019/2020, round 1-3"]
[Site "Uppsala University, Gamla torget, Uppsala, Sweden"]
[Date "2019.10.19"]
[Round "2.7"]
[White "Barkhagen, Jonas"]
[Black "Olofsson-Dolk, Mattis"]
[Result "1-0"]
[TimeControl "90 minutes for 40 moves + 30 minutes for the rest of the game + 30 seconds per move from move one."]
[WhiteTitle "IM"]
[WhiteFideId "1700855"]
[BlackFideId "1715178"]
[WhiteElo "2427"]
[BlackElo "2209"]

1. d4 Nf6 2. c4 g6 3. Nc3 d5 4. Bg5 Ne4 5. Bf4 Nxc3 6. bxc3 Bg7 7. e3 c5 8. Nf3 O-O 9. cxd5 cxd4 10.
cxd4 Qxd5 11. Be2 Nc6 12. O-O Bf5 13. Qa4 Qa5 14. Qb3 Qb4 15. Rfc1 a6 16. Bc4 Qxb3 17. axb3 Nb4 18. Ne5 b5 19.
Be2 Rac8 20. Bf3 Bxe5 21. Bxe5 Be6 22. Bc7 Bd5 23. Ba5 Bxf3 24. Bxb4 Rxc1+ 25. Rxc1 Bd5 26. Bxe7 Re8 27. Bf6 Bxb3 28.
e4 Bc4 29. f3 Rc8 30. d5 Kf8 31. Bc3 Ke8 32. Bb4 Kd7 33. Ra1 Ra8 34. Kf2 Bb3 35. Ke3 Ba4 36. Kd4 Rc8 37. Bc5 Kc7 38.
f4 Rd8 39. Ra3 Kb7 40. g4 Bd1 41. h3 Be2 42. f5 Bc4 43. fxg6 hxg6 44. Rf3 Rd7 45. Bb4 Rc7 46. Ba5 Rd7 47.
Rf2 Bb3 48. Rf6 Bc4 49. Rf4 Bb3 50. Rf2 Ka7 51. Kc5 Kb7 52. Rf6 Bc2 53. Rb6+ Ka7 54. e5 Bb3 55. Rd6 Re7 56. Kd4 Kb7 57.
Rd8 Ka7 58. d6 Rb7 59. d7 1-0

[Event "Elitserien 2019/2020, round 1-3"]
[Site "Uppsala University, Gamla torget, Uppsala, Sweden"]
[Date "2019.10.19"]
[Round "2.8"]
[White "Gonzalez, Emilio"]
[Black "Bator, Robert"]
[Result "1/2-1/2"]
[TimeControl "90 minutes for 40 moves + 30 minutes for the rest of the game + 30 seconds per move from move one."]
[BlackTitle "IM"]
[WhiteFideId "1721062"]
[BlackFideId "1700405"]
[WhiteElo "1936"]
[BlackElo "2358"]

1. c4 c6 2. g3 d5 3. Nf3 Nf6 4. Bg2 Bg4 5. O-O e6 6. cxd5 exd5 7. Qb3 Qb6 8. Qc2 Bd6 9. d3 O-O 10.
Be3 Qa6 11. Nc3 h6 12. a3 Bf5 13. Bd4 Nbd7 14. e4 dxe4 15. Nxe4 Be7 16. Rfe1 Nd5 17. b4 Rfd8 18. Qb2 Bf8 19.
Bf1 b6 20. Rac1 Rac8 21. Ne5 Nxe5 22. Bxe5 Qb7 23. Bg2 Qd7 24. Nc3 f6 25. Nxd5 cxd5 26. Bf4 Rxc1 27. Rxc1 Bxd3 28. Rc7 Qe6 29.
Qd2 Bf5 30. Qd4 a5 31. Be3 axb4 32. axb4 Qd6 33. Qxb6 d4 34. Rc6 Qxb4 35. Qxd8 Qe1+ 36. Bf1 dxe3 37. Qd5+ Kh8 38. Qxf5 e2 39.
Qh3 1/2-1/2

[Event "Elitserien 2019/2020, round 1-3"]
[Site "Uppsala University, Gamla torget, Uppsala, Sweden"]
[Date "2019.10.19"]
[Round "2.9"]
[White "Andersson, Tommy"]
[Black "Sjodahl, Pontus"]
[Result "1/2-1/2"]
[TimeControl "90 minutes for 40 moves + 30 minutes for the rest of the game + 30 seconds per move from move one."]
[WhiteTitle "IM"]
[BlackTitle "IM"]
[WhiteFideId "1703803"]
[BlackFideId "1700537"]
[WhiteElo "2391"]
[BlackElo "2441"]

1. d4 Nf6 2. c4 e6 3. Nf3 d5 4. Nc3 Bb4 5. e3 O-O 6. Bd3 b6 7. O-O Ba6 8. Ne5 Nfd7 9. Nxd7 Qxd7 10.
Qc2 Bxc3 11. Qxc3 dxc4 12. Bxc4 c5 13. dxc5 Rc8 14. b3 Bxc4 15. Bb2 f6 16. Qxc4 Rxc5 17. Qe2 Qc6 18. Rac1 Nd7 19.
b4 Rxc1 20. Rxc1 Qb7 21. Qg4 Kf7 22. Qc4 b5 23. Qd3 h6 24. h4 a6 25. Rd1 Nf8 26. Qd6 Rc8 27. Bd4 Rc6 28. Qg3 Qc7 29.
Qf3 Rc1 30. Bc5 Rxd1+ 31. Qxd1 Qd7 32. Qh5+ Ng6 33. g3 Qd3 34. Kh2 Qc2 35. Qf3 Qxa2 36. h5 Ne5 37. Qb7+ Kg8 38. Qa8+ Kh7 39.
Qe4+ Kg8 40. Qa8+ Kh7 41. Qe4+ Kg8 42. Qa8+ 1/2-1/2

[Event "Elitserien 2019/2020, round 1-3"]
[Site "Uppsala University, Gamla torget, Uppsala, Sweden"]
[Date "2019.10.19"]
[Round "2.10"]
[White "Akesson, Ralf"]
[Black "Krupenski, Juri"]
[Result "1-0"]
[TimeControl "90 minutes for 40 moves + 30 minutes for the rest of the game + 30 seconds per move from move one."]
[WhiteTitle "GM"]
[BlackTitle "IM"]
[WhiteFideId "1700120"]
[BlackFideId "4501101"]
[WhiteElo "2367"]
[BlackElo "2399"]

1. d4 d5 2. c4 e6 3. Nc3 Bb4 4. e3 c6 5. Nf3 Nf6 6. Bd3 O-O 7. O-O b6 8. Qc2 Ba6 9. b3 Nbd7 10.
Bb2 Rc8 11. Rfd1 Qe7 12. a3 Bd6 13. Rac1 Rfe8 14. Bf1 Bb7 15. b4 dxc4 16. Bxc4 c5 17. bxc5 bxc5 18. d5 Nb6 19. Bb5 Red8 20.
dxe6 Qxe6 21. Ne2 Ne4 22. Ng3 c4 23. Bd4 Bxg3 24. hxg3 a6 25. Bxb6 Rxd1+ 26. Rxd1 axb5 27. Bd4 f6 28.
Rb1 Qd5 29. Ne1 Ra8 30. Qb2 Bc6 31. Qb4 Kf7 32. g4 Ra4 33. Qb2 Qd6 34. Nc2 Ra8 35. Rd1 Ng5 36. Qc1 Qd5 37. Ne1 Qe6 38.
f3 h5 39. gxh5 Rh8 40. e4 Rxh5 41. Qf4 Qe7 42. Bf2 Rh8 43. Rd6 Rc8 44. Nc2 Ne6 45. Qh2 Kg8 46. Ne3 c3 47. Nf5 Qf7 48.
Be3 c2 49. Qg3 Ng5 50. Qg4 Qb3 51. Bxg5 fxg5 52. Qxg5 Qb2 53. Ne7+ Kf8 54. Qf5+ Kxe7 55. Qe6+ Kf8 56. Qxc8+ Kf7 57.
Qe6+ 1-0